 Dungeon Crawl Stone Soup version 0.30.1-9-gdf580d7c3d (webtiles) character file.

Game seed: 6200338177454664673

10258 monsoonserge the Black Sun (level 11, -9/78 HPs)
             Began as a Demonspawn Monk on Sept 27, 2023.
             Was a High Priest of Kikubaaqudgha.
             Mangled by a yak (12 damage)
             ... on level 10 of the Dungeon.
             The game lasted 00:53:18 (11073 turns).

monsoonserge the Black Sun (Demonspawn Monk)       Turns: 11073, Time: 00:53:19

Health: -9/78      AC: 14    Str: 11    XL:     11   Next: 33%
Magic:  15/19      EV: 15    Int: 16    God:    Kikubaaqudgha [*****.]
Gold:   1547       SH:  0    Dex: 22    Spells: 6/20 levels left

rFire   . . .        S - +5 dagger (freeze)
rCold   . . .        d - orb {light}
rNeg    + . .        y - +0 steam dragon scales
rPois   .            (helmet restricted)
rElec   .            J - +2 cloak
rCorr   .            u - +0 pair of gloves
SInv    .            U - +1 pair of boots {Fly}
Will    .....        Q - amulet of magic regeneration
Stlth   ++           s - +6 ring of dexterity
HPRegen 0.33/turn    l - ring of positive energy
MPRegen 0.56/turn

%: no passive effects
@: animating dead, flying, glowing
A: horns 2, molten scales 1, powered by death 1, demonic magic 1
a: Renounce Religion, Unearth Wretches, Torment


You were on level 10 of the Dungeon.
You worshipped Kikubaaqudgha.
Kikubaaqudgha was extremely pleased with you.
You visited 2 branches of the dungeon, and saw 11 of its levels.
You also visited: Bailey.

You collected 1547 gold pieces.

Inventory:

Hand Weapons
 S - a +5 dagger of freezing (weapon)
 T - the +11 mace of Theory {protect, *Rage rPois Str+5 Int-3}
   (You found it in a bailey)

   Str:       It affects your strength (+5).
   Int:       It affects your intelligence (-3).
   rPois:     It protects you from poison.
   *Rage:     It berserks you when you make melee attacks (+20% chance).
Missiles
 h - 31 poisoned darts
 C - a silver javelin
 E - a silver boomerang
 F - 2 throwing nets
 I - 2 curare-tipped darts
 M - 18 boomerangs (quivered)
Armour
 d - an orb of light (worn)
 u - a +0 pair of gloves (worn)
 y - +0 steam dragon scales (worn)
 J - a +2 cloak (worn)
 L - a +2 ring mail of fire resistance
 P - a +2 kite shield
 U - a +1 pair of boots of flying (worn)
Jewellery
 e - a ring of protection from fire
 l - a ring of positive energy (right hand)
 m - a ring of positive energy
 r - a ring of see invisible
 s - a +6 ring of dexterity (left hand)
 B - a +6 ring of strength
 Q - an amulet of magic regeneration (around neck)
Wands
 p - a wand of polymorph (2)
 W - a wand of paralysis (2)
 X - a wand of light (2)
Scrolls
 a - a scroll of magic mapping {unknown}
 c - 2 scrolls of enchant armour
 f - a scroll of acquirement {unknown}
 g - 3 scrolls of vulnerability
 i - 4 scrolls of fear {unknown}
 j - 3 scrolls of amnesia {unknown}
 n - 8 scrolls of teleportation
 o - a scroll of silence
 q - 3 scrolls of blinking
 t - a scroll of summoning
 z - 2 scrolls of immolation
 K - a scroll of poison {unknown}
 N - 2 scrolls of brand weapon {unknown}
 R - 2 scrolls of torment {unknown}
 Y - a scroll of fog {unknown}
Potions
 b - 2 potions of mutation {unknown}
 k - a potion of ambrosia
 v - a potion of lignification
 w - 3 potions of attraction
 x - 2 potions of heal wounds {unknown}
 A - 5 potions of flight
 D - a potion of might {unknown}
 G - 2 potions of resistance {unknown}
 H - 2 potions of curing
 O - 2 potions of magic {unknown}
 Z - a potion of brilliance
Miscellaneous
 V - a piece from Xom's chessboard (13/15)


   Skills:
 + Level 4.7 Fighting
 + Level 4.8(5.2) Short Blades
 - Level 2.9(4.3) Long Blades
 + Level 1.5 Throwing
 - Level 4.0 Armour
 + Level 4.8 Dodging
 + Level 9.6 Stealth
 + Level 5.4 Spellcasting
 * Level 10.6 Necromancy
 - Level 2.0 Translocations
 - Level 1.0 Ice Magic


You had 6 spell levels left.
You knew the following spells:

 Your Spells              Type           Power      Damage    Failure   Level
a - Freeze                Ice            28%        1d5       10%         1
b - Necrotise             Necr           100%       1d9       1%          1
c - Blink                 Tloc           20%        N/A       10%         2
d - Animate Dead          Necr           38%        N/A       1%          4
e - Dispel Undead         Necr           38%        3d16      1%          4
f - Sublimation of Blood  Necr           38%        N/A       1%          2

Your spell library contained the following spells:

 Spells                   Type           Power      Damage    Failure   Level
 Cigotuvi's Dreadful Rot  Necr/Pois/Air  30%        N/A       4%          2
 Agony                    Necr           38%        N/A       4%          5
 Summon Small Mammal      Summ           16%        N/A       14%         1
 Frozen Ramparts          Ice            14%        1d3       28%         3
 Death Channel            Necr           19%        N/A       28%         6
 Hailstorm                Conj/Ice       5%         3d4       34%         3
 Call Canine Familiar     Summ           4%         N/A       41%         3
 Summon Guardian Golem    Hex/Summ       4%         N/A       41%         3
 Borgnjor's Vile Clutch   Necr/Erth      10%        N/A       41%         5
 Petrify                  Tmut/Erth      4%         N/A       82%         4
 Irradiate                Conj/Tmut      2%         3d12      99%         5
 Malign Gateway           Summ/Tloc      3%         N/A       100%        7
 Summon Horrible Things   Summ           2%         N/A       100%        8


Dungeon Overview and Level Annotations

Branches:
Dungeon (10/15)            Temple (1/1) D:4            Lair (0/5) D:10
 Bailey (visited)
    Orc: D:9-12

Altars:
Ashenzari
Cheibriados
Dithmenos
Fedhas
Gozag
Hepliaklqana
Kikubaaqudgha
Makhleb
Nemelex Xobeh
Okawaru
Qazlal
Ru
Sif Muna
Trog
Uskayaw
Vehumet
Wu Jian
Xom
Yredelemnul

Shops:
D:5 (


Innate Abilities, Weirdness & Mutations

You have a pair of horns on your head.
You are partially covered in molten scales. (AC +2)
You regenerate a little health from kills.
Spells you cast may paralyse adjacent enemies.


Message History

Something bites your yak zombie. Something claws your yak zombie. x2
Your yak zombie gores the yak.
You make a move on Xom's chessboard...
The yak seems to speed up.
* * * LOW HITPOINT WARNING * * *
You feel very sick. Something bites your yak zombie.
Something claws your yak zombie but does no damage.
Something claws your yak zombie.
Your two-headed ogre zombie hits the yak! x2
The yak gores your two-headed ogre zombie!
You feel better.
The yak gores your two-headed ogre zombie!
Your two-headed ogre zombie closely misses the yak. x2
Unknown command.
You feel stable enough to blink again.
The yak gores something!
The bullfrog hits your yak zombie.
Your yak zombie gores the bullfrog.
The yak gores something!
Found 7 stones.
Something hits your yak zombie.
Casting: Blink (safe; 10% risk of failure)
Confirm with . or Enter, or press ? or * to list all spells.
Okay, then.
Aiming: Paralyse
Press: ? - help, Shift-Dir - straight line, f - water moccasin
Aim: a water moccasin (moderately wounded, ally target, haloed, chance to affect: 49%)
Okay, then.
Aiming: Paralyse
Press: ? - help, Shift-Dir - straight line, f - water moccasin
Aim: a water moccasin (moderately wounded, ally target, haloed, chance to affect: 49%)
The water moccasin suddenly stops moving!
The bullfrog hits your yak zombie!
The helpless water moccasin fails to defend itself.
You spit the water moccasin like a pig!!!
You freeze the water moccasin.
You kill the water moccasin!
Kikubaaqudgha accepts your kill.
The dead are slithering!
The yak gores you!
* * * LOW HITPOINT WARNING * * *
The yak gores you!
You die...
Kikubaaqudgha rasps: "You have failed me!
Welcome... death!"

.......... .........#
#...(.# .##......#
......### .........####
##........
............###.........
.).........###..........
.))........#.#..........
..)........#.........#
####...........Y@Z...##
.##............Y........
.##<...................#
.#....†...........#..###
............Z.....#....
............Z.P.........
...........ZFP...P......
##.#.....P..PPPPP.......


#.#..P.hY.PPPPPPP.P.. You could see 2 yaks, a bullfrog, a friendly water
moccasin zombie, 2 friendly yak zombies and a friendly black bear zombie.

Vanquished Creatures
  A centaur warrior (D:8)
  2 two-headed ogres (D:10)
  2 orc knights (Bailey)
  Prince Ribbit (D:7)
  A wraith (D:6)
  A wyvern (D:10)
  2 yaks (D:10)
  3 steam dragons
  The ghost of Psyclone the Stinger, an amateur OpVM (D:3)
  An acid dragon (D:9)
  2 water moccasins (D:10)
  15 orc warriors
  3 black bears
  2 sky beasts (D:7)
  An ogre (D:8)
  5 centaurs
  3 phantoms
  4 kobold brigands
  3 bullfrogs
  A wyvern zombie (D:8)
  A gnoll sergeant (D:8)
  2 scorpions
  13 wights
  10 killer bees
  An electric eel (D:7)
  6 howler monkeys
  3 centaur zombies (D:8)
  A human zombie (D:8)
  2 jellies
  5 hounds (D:8)
  8 orc priests
  2 sleepcaps
  An iguana (D:7)
  15 orc wizards
  2 howler monkey zombies (D:8)
  2 mummies (D:8)
  13 gnolls
  2 adders (D:5)
  A shadow imp (D:5)
  A white imp (D:5)
  2 worms
  2 dart slugs (D:1)
  30 orcs
  10 ball pythons
  7 endoplasms
  5 giant cockroaches
  9 goblins
  19 hobgoblins
  37 kobolds
  3 quokkas
  3 training dummies (D:5)
  3 bats
  A frilled lizard (D:1)
  10 rats
286 creatures vanquished.

Vanquished Creatures (collateral kills)
  A water moccasin (D:10)
  2 hounds (D:8)
  A hobgoblin (D:8)
  2 kobolds
6 creatures vanquished.

Vanquished Creatures (others)
  2 two-headed ogre zombies (D:10)
  2 centaur zombies (D:8)
  5 kobold zombies
  A hound zombie (D:8)
  3 orc zombies
  A gnoll zombie (D:8)
  A hobgoblin zombie (D:8)
15 creatures vanquished.

Grand Total: 307 creatures vanquished

Notes
Turn   | Place    | Note
-------+----------+-------------------------------------------
     0 | D:1      | monsoonserge the Demonspawn Monk began the quest for the
                  | Orb.
     0 | D:1      | Reached XP level 1. HP: 18/18 MP: 1/1
   224 | D:1      | Gained mutation: Spells you cast may paralyse adjacent
                  | enemies. [demonic ancestry]
   224 | D:1      | Reached XP level 2. HP: 19/24 MP: 2/2
   906 | D:1      | Reached XP level 3. HP: 27/29 MP: 3/3
   908 | D:1      | Reached skill level 1 in Armour
  1317 | D:2      | Found a faded altar of an unknown god.
  1432 | D:2      | Noticed Terence
  1445 | D:2      | Terence changed into Terence the ball python
  1445 | D:2      | Noticed Terence
  1446 | D:2      | Killed Terence the ball python
  1588 | D:2      | Reached skill level 1 in Short Blades
  2178 | D:2      | Reached XP level 4. HP: 30/35 MP: 4/4
  2288 | D:2      | Learned a level 1 spell: Freeze
  2827 | D:3      | Found a runed translucent door.
  2828 | D:3      | Noticed Psyclone's ghost (amateur OpVM)
  3017 | D:4      | Found a shimmering altar of Xom.
  3156 | D:4      | Gained mutation: You are partially covered in molten
                  | scales. (AC +2) [demonic ancestry]
  3156 | D:4      | Reached XP level 5. HP: 40/41 MP: 0/5
  3361 | D:3      | Reached skill level 1 in Ice Magic
  3363 | D:3      | Reached skill level 1 in Spellcasting
  3487 | D:4      | Reached skill level 1 in Stealth
  3559 | D:4      | Gained mutation: You have a pair of small horns on your
                  | head. [demonic ancestry]
  3559 | D:4      | Reached XP level 6. HP: 44/48 MP: 3/8
  3699 | D:4      | Found a staircase to the Ecumenical Temple.
  3712 | Temple   | Entered the Ecumenical Temple
  3751 | Temple   | Became a worshipper of Kikubaaqudgha
  3751 | Temple   | Reached * piety under Kikubaaqudgha
  3751 | Temple   | Received a gift from Kikubaaqudgha
  3751 | Temple   | Reached ** piety under Kikubaaqudgha
  3755 | Temple   | Learned a level 1 spell: Necrotise
  3987 | D:5      | Entered Level 5 of the Dungeon
  4018 | D:5      | Reached skill level 1 in Necromancy
  4105 | D:5      | Found a shimmering blue altar of Sif Muna.
  4111 | D:5      | Noticed an orc warrior
  4589 | D:5      | Found Fethru's Firing Range.
  4713 | D:5      | Gained mutation: You regenerate a little health from kills.
                  | [demonic ancestry]
  4713 | D:5      | Reached XP level 7. HP: 46/53 MP: 4/10
  4950 | D:5      | Reached skill level 2 in Necromancy
  4951 | D:5      | Found a bloodstained altar of Trog.
  4967 | D:5      | Got Sif Muna's Secrets of Distance
  4971 | D:5      | Learned a level 2 spell: Blink
  5447 | D:6      | Noticed a steam dragon
  5456 | D:6      | Killed a steam dragon
  5587 | D:6      | Reached skill level 1 in Translocations
  5777 | D:6      | Found a radiant altar of Vehumet.
  5791 | D:6      | Reached skill level 3 in Necromancy
  5791 | D:6      | Gained mutation: You have a pair of horns on your head.
                  | [demonic ancestry]
  5791 | D:6      | Reached XP level 8. HP: 60/60 MP: 10/12
  6689 | D:7      | Reached skill level 4 in Necromancy
  6752 | D:7      | Reached *** piety under Kikubaaqudgha
  6752 | D:7      | Received a gift from Kikubaaqudgha
  6753 | D:7      | Reached skill level 5 in Stealth
  6915 | D:7      | Found a hide-covered altar of Uskayaw.
  6922 | D:7      | Reached XP level 9. HP: 65/65 MP: 13/15
  7098 | D:7      | Noticed Prince Ribbit
  7107 | D:7      | Killed Prince Ribbit
  7108 | D:7      | Reached skill level 5 in Necromancy
  7687 | D:8      | Identified the +0 mace of Wyrd {flame, rElec rN+ Int-4}
  7695 | D:8      | Noticed a centaur warrior
  7712 | D:8      | Killed a centaur warrior
  7713 | D:8      | Reached skill level 6 in Necromancy
  7912 | D:8      | Reached skill level 7 in Necromancy
  8030 | D:8      | Reached XP level 10. HP: 67/73 MP: 12/16
  8038 | D:8      | Learned a level 4 spell: Animate Dead
  8043 | D:8      | Learned a level 4 spell: Dispel Undead
  8046 | D:8      | Learned a level 2 spell: Sublimation of Blood
  8254 | D:8      | Found a sacrificial altar of Ru.
  8254 | D:8      | Found an ornate altar of the Wu Jian Council.
  8359 | D:8      | Reached **** piety under Kikubaaqudgha
  8922 | D:8      | Reached skill level 8 in Necromancy
  9059 | D:8      | Found a basalt altar of Yredelemnul.
  9403 | D:9      | Found a snail-covered altar of Cheibriados.
  9561 | D:9      | Found a flagged portal.
  9580 | Bailey   | Entered a bailey
  9708 | Bailey   | Reached ***** piety under Kikubaaqudgha
  9717 | Bailey   | Noticed an orc knight
  9724 | Bailey   | Killed an orc knight
  9734 | Bailey   | Identified the +11 mace of Theory {protect, *Rage rPois
                  | Str+5 Int-3}
  9800 | Bailey   | Reached skill level 1 in Throwing
  9809 | Bailey   | Reached skill level 9 in Necromancy
  9812 | Bailey   | Reached skill level 5 in Spellcasting
  9812 | Bailey   | Noticed an orc knight
  9850 | Bailey   | Killed an orc knight
 10312 | D:9      | Reached XP level 11. HP: 78/78 MP: 16/18
 10776 | D:3      | Killed Psyclone's ghost
 10925 | D:10     | Entered Level 10 of the Dungeon
 10928 | D:10     | Noticed a two-headed ogre
 10949 | D:10     | Killed a two-headed ogre
 10950 | D:10     | Reached skill level 10 in Necromancy
 11042 | D:10     | Noticed a two-headed ogre
 11045 | D:10     | Found a staircase to the Lair.
 11061 | D:10     | Killed a two-headed ogre
 11068 | D:10     | HP: 3/78 [poisoned by a water moccasin]
 11073 | D:10     | HP: 3/78 [yak (7)]
 11073 | D:10     | Mangled by a yak

Illustrated notes

Levels and vault maps discovered:
D:1:      psy_arrival_dodecagon, layout_basic
D:2:      minmay_angry_zag, layout_basic, ebering_ecumenical_altar_box,
          uniq_terence
D:3:      layout_loops_ring, ebering_ghost_reflecting_pool
D:4:      layout_rooms, mainiacjoe_overflow_small_starburst, kennysheep_mini,
          minmay_temple_entry_waves, minmay_gold_behind_fungi
D:5:      layout_basic, nzn_overflow_gifts_of_might_and_magic, minivault_24,
          nicolae_shop_firing_range
D:6:      layout_basic, marbit_many_paths, nicolae_vehumet_altar_sigil
D:7:      layout_loops_ring, old_standard_altar, serial_bayou_lake_a,
          uniq_prince_ribbit1
D:8:      kennysheep_housing_project, layout_basic,
          lemuel_mausoleum_altar_yredelemnul, gammafunk_temple_overflow_pools,
          minmay_radiant
D:9:      layout_loops_ring, slow_altar_1, enter_bailey_4,
          kennysheep_generic_room_9
D:10:     layout_cave_pools, due_lair_maze_entry_diamond
Temple:   nicolae_temple_ecumenical_triangle

Skill      XL: |  1  2  3  4  5  6  7  8  9 10 11 |
---------------+----------------------------------+-----
Dodging        | 3 4 |  4.8
Armour         | 1 2 3 4 |  4.0
Short Blades   | 1 2 3 4 |  4.8
Ice Magic      | 1 |  1.0
Spellcasting   | 1 2 3 4 5 |  5.4
Stealth        | 1 2 3 5 7 9 |  9.6
Necromancy     | 1 3 4 7 9 10 | 10.6
Translocations | 1 2 |  2.0
Fighting       | 4 |  4.7
Throwing       | 1 |  1.5
Long Blades    | |  2.9

Action                     |  1- 3 |  4- 6 |  7- 9 | 10-12 || total
---------------------------+-------+-------+-------+-------++-------
  Melee: Falchion          |    21 |       |       |       ||    21
         Dagger            |    47 |       |    22 |    79 ||   148
         Short sword       |   127 |   130 |    77 |    94 ||   428
         Headbutt          |       |     8 |    17 |    35 ||    60
  Throw: Dart              |       |       |     7 |       ||     7
         Boomerang         |       |       |       |     7 ||     7
   Cast: Freeze            |       |    49 |    37 |     3 ||    89
         Necrotise         |       |       |    58 |   116 ||   174
         Animate Dead      |       |       |       |     6 ||     6
         Dispel Undead     |       |       |       |     7 ||     7
         Sublimation of Bl |       |       |       |     1 ||     1
         Blink             |       |       |       |     1 ||     1
  Evoke: Wand              |     1 |       |     1 |     1 ||     3
         Piece from Xom's  |       |       |       |     2 ||     2
    Use: Scroll            |     5 |     6 |     3 |       ||    14
         Potion            |     2 |     2 |       |     1 ||     5
   Stab: Paralysed         |       |    26 |    52 |    58 ||   136
         Invisible         |       |       |     1 |       ||     1
         Sleeping          |       |       |     2 |     3 ||     5
         Distracted        |       |       |       |     4 ||     4
 Armour: Ring mail         |    42 |     7 |       |       ||    49
         Leather armour    |     2 |    27 |    14 |       ||    43
         Steam dragon scal |       |       |    30 |   108 ||   138
  Dodge: Dodged            |   102 |   102 |    81 |   227 ||   512
